Workbook

Sheet Summary
A1: Landscaping Balance Sheet Template | Fictional Sample Landscaping Company
A2: Select two period ends to compare Included account balances. Review highlighted differences and source records. | J2: =IF(Assumptions!E10="","",Assumptions!E10)
A3: Selected Period End | B3: 46265 | J3: =IF(Assumptions!E11="","",Assumptions!E11)
A4: Comparison Period End | B4: 46234 | J4: =IF(Assumptions!E12="","",Assumptions!E12)
J5: =IF(Assumptions!E13="","",Assumptions!E13)
A6: Balance Sheet Metric | B6: Selected | C6: Comparison | D6: Change | E6: Selected Period Indicators | F6: Value | J6: =IF(Assumptions!E14="","",Assumptions!E14)
A7: Total Assets | B7: =IF(COUNTIFS(Balances!$B$5:$B$104,$B$3,Balances!$G$5:$G$104,Assumptions!$H$3)=0,"",SUMIFS(Balances!$F$5:$F$104,Balances!$B$5:$B$104,$B$3,Balances!$D$5:$D$104,Assumptions!$H$8,Balances!$G$5:$G$104,Assumptions!$H$3)) | C7: =IF(COUNTIFS(Balances!$B$5:$B$104,$B$4,Balances!$G$5:$G$104,Assumptions!$H$3)=0,"",SUMIFS(Balances!$F$5:$F$104,Balances!$B$5:$B$104,$B$4,Balances!$D$5:$D$104,Assumptions!$H$8,Balances!$G$5:$G$104,Assumptions!$H$3)) | D7: =IF(OR(B7="",C7=""),"",B7-C7) | E7: Current Assets | F7: =IF(COUNTIFS(Balances!$B$5:$B$104,$B$3,Balances!$G$5:$G$104,Assumptions!$H$3)=0,"",SUMIFS(Balances!$F$5:$F$104,Balances!$B$5:$B$104,$B$3,Balances!$E$5:$E$104,Assumptions!$H$13,Balances!$G$5:$G$104,Assumptions!$H$3)) | J7: =IF(Assumptions!E15="","",Assumptions!E15)
A8: Total Liabilities | B8: =IF(COUNTIFS(Balances!$B$5:$B$104,$B$3,Balances!$G$5:$G$104,Assumptions!$H$3)=0,"",SUMIFS(Balances!$F$5:$F$104,Balances!$B$5:$B$104,$B$3,Balances!$D$5:$D$104,Assumptions!$H$9,Balances!$G$5:$G$104,Assumptions!$H$3)) | C8: =IF(COUNTIFS(Balances!$B$5:$B$104,$B$4,Balances!$G$5:$G$104,Assumptions!$H$3)=0,"",SUMIFS(Balances!$F$5:$F$104,Balances!$B$5:$B$104,$B$4,Balances!$D$5:$D$104,Assumptions!$H$9,Balances!$G$5:$G$104,Assumptions!$H$3)) | D8: =IF(OR(B8="",C8=""),"",B8-C8) | E8: Current Liabilities | F8: =IF(COUNTIFS(Balances!$B$5:$B$104,$B$3,Balances!$G$5:$G$104,Assumptions!$H$3)=0,"",SUMIFS(Balances!$F$5:$F$104,Balances!$B$5:$B$104,$B$3,Balances!$E$5:$E$104,Assumptions!$H$16,Balances!$G$5:$G$104,Assumptions!$H$3)) | J8: =IF(Assumptions!E16="","",Assumptions!E16)
A9: Owner Equity | B9: =IF(COUNTIFS(Balances!$B$5:$B$104,$B$3,Balances!$G$5:$G$104,Assumptions!$H$3)=0,"",SUMIFS(Balances!$F$5:$F$104,Balances!$B$5:$B$104,$B$3,Balances!$D$5:$D$104,Assumptions!$H$10,Balances!$G$5:$G$104,Assumptions!$H$3)) | C9: =IF(COUNTIFS(Balances!$B$5:$B$104,$B$4,Balances!$G$5:$G$104,Assumptions!$H$3)=0,"",SUMIFS(Balances!$F$5:$F$104,Balances!$B$5:$B$104,$B$4,Balances!$D$5:$D$104,Assumptions!$H$10,Balances!$G$5:$G$104,Assumptions!$H$3)) | D9: =IF(OR(B9="",C9=""),"",B9-C9) | E9: Working Capital | F9: =IF(OR(F7="",F8=""),"",F7-F8) | J9: =IF(Assumptions!E17="","",Assumptions!E17)
A10: Liabilities + Equity | B10: =IF(OR(B8="",B9=""),"",SUM(B8:B9)) | C10: =IF(OR(C8="",C9=""),"",SUM(C8:C9)) | D10: =IF(OR(B10="",C10=""),"",B10-C10) | E10: Current Ratio | F10: =IFERROR(IF(OR(F7="",F8="",F8=0),"",F7/F8),"") | J10: =IF(Assumptions!E18="","",Assumptions!E18)
A11: Balance Difference | B11: =IF(OR(B7="",B10=""),"",B7-B10) | C11: =IF(OR(C7="",C10=""),"",C7-C10) | D11: =IF(OR(B11="",C11=""),"",B11-C11) | E11: Debt to Assets | F11: =IFERROR(IF(OR(B7="",B7=0,B8=""),"",B8/B7),"") | J11: =IF(Assumptions!E19="","",Assumptions!E19)
A12: Review Status | B12: =IF(B7="","No included entries",IF(ABS(B11)<=Assumptions!$F$3,"Within tolerance - review","Check entries")) | C12: =IF(C7="","No included entries",IF(ABS(C11)<=Assumptions!$F$3,"Within tolerance - review","Check entries")) | E12: Included Account Rows | F12: =IF($B$3="","",COUNTIFS(Balances!$B$5:$B$104,$B$3,Balances!$G$5:$G$104,Assumptions!$H$3)) | J12: =IF(Assumptions!E20="","",Assumptions!E20)
E13: Draft Account Rows | F13: =IF($B$3="","",COUNTIFS(Balances!$B$5:$B$104,$B$3,Balances!$G$5:$G$104,Assumptions!$H$4)) | J13: =IF(Assumptions!E21="","",Assumptions!E21)
E14: Rows Needing Account Check | F14: =IF($B$3="","",COUNTIFS(Balances!$B$5:$B$104,$B$3,Balances!$D$5:$D$104,"Check account"))
A15: Balance Sheet Section | B15: Selected | C15: Comparison | D15: Change
A16: =Assumptions!H13 | B16: =IF(COUNTIFS(Balances!$B$5:$B$104,$B$3,Balances!$G$5:$G$104,Assumptions!$H$3)=0,"",SUMIFS(Balances!$F$5:$F$104,Balances!$B$5:$B$104,$B$3,Balances!$E$5:$E$104,Assumptions!$H$13,Balances!$G$5:$G$104,Assumptions!$H$3)) | C16: =IF(COUNTIFS(Balances!$B$5:$B$104,$B$4,Balances!$G$5:$G$104,Assumptions!$H$3)=0,"",SUMIFS(Balances!$F$5:$F$104,Balances!$B$5:$B$104,$B$4,Balances!$E$5:$E$104,Assumptions!$H$13,Balances!$G$5:$G$104,Assumptions!$H$3)) | D16: =IF(OR(B16="",C16=""),"",B16-C16)
A17: =Assumptions!H14 | B17: =IF(COUNTIFS(Balances!$B$5:$B$104,$B$3,Balances!$G$5:$G$104,Assumptions!$H$3)=0,"",SUMIFS(Balances!$F$5:$F$104,Balances!$B$5:$B$104,$B$3,Balances!$E$5:$E$104,Assumptions!$H$14,Balances!$G$5:$G$104,Assumptions!$H$3)) | C17: =IF(COUNTIFS(Balances!$B$5:$B$104,$B$4,Balances!$G$5:$G$104,Assumptions!$H$3)=0,"",SUMIFS(Balances!$F$5:$F$104,Balances!$B$5:$B$104,$B$4,Balances!$E$5:$E$104,Assumptions!$H$14,Balances!$G$5:$G$104,Assumptions!$H$3)) | D17: =IF(OR(B17="",C17=""),"",B17-C17)
A18: =Assumptions!H15 | B18: =IF(COUNTIFS(Balances!$B$5:$B$104,$B$3,Balances!$G$5:$G$104,Assumptions!$H$3)=0,"",SUMIFS(Balances!$F$5:$F$104,Balances!$B$5:$B$104,$B$3,Balances!$E$5:$E$104,Assumptions!$H$15,Balances!$G$5:$G$104,Assumptions!$H$3)) | C18: =IF(COUNTIFS(Balances!$B$5:$B$104,$B$4,Balances!$G$5:$G$104,Assumptions!$H$3)=0,"",SUMIFS(Balances!$F$5:$F$104,Balances!$B$5:$B$104,$B$4,Balances!$E$5:$E$104,Assumptions!$H$15,Balances!$G$5:$G$104,Assumptions!$H$3)) | D18: =IF(OR(B18="",C18=""),"",B18-C18)
A19: =Assumptions!H16 | B19: =IF(COUNTIFS(Balances!$B$5:$B$104,$B$3,Balances!$G$5:$G$104,Assumptions!$H$3)=0,"",SUMIFS(Balances!$F$5:$F$104,Balances!$B$5:$B$104,$B$3,Balances!$E$5:$E$104,Assumptions!$H$16,Balances!$G$5:$G$104,Assumptions!$H$3)) | C19: =IF(COUNTIFS(Balances!$B$5:$B$104,$B$4,Balances!$G$5:$G$104,Assumptions!$H$3)=0,"",SUMIFS(Balances!$F$5:$F$104,Balances!$B$5:$B$104,$B$4,Balances!$E$5:$E$104,Assumptions!$H$16,Balances!$G$5:$G$104,Assumptions!$H$3)) | D19: =IF(OR(B19="",C19=""),"",B19-C19)
A20: =Assumptions!H17 | B20: =IF(COUNTIFS(Balances!$B$5:$B$104,$B$3,Balances!$G$5:$G$104,Assumptions!$H$3)=0,"",SUMIFS(Balances!$F$5:$F$104,Balances!$B$5:$B$104,$B$3,Balances!$E$5:$E$104,Assumptions!$H$17,Balances!$G$5:$G$104,Assumptions!$H$3)) | C20: =IF(COUNTIFS(Balances!$B$5:$B$104,$B$4,Balances!$G$5:$G$104,Assumptions!$H$3)=0,"",SUMIFS(Balances!$F$5:$F$104,Balances!$B$5:$B$104,$B$4,Balances!$E$5:$E$104,Assumptions!$H$17,Balances!$G$5:$G$104,Assumptions!$H$3)) | D20: =IF(OR(B20="",C20=""),"",B20-C20)
A21: =Assumptions!H18 | B21: =IF(COUNTIFS(Balances!$B$5:$B$104,$B$3,Balances!$G$5:$G$104,Assumptions!$H$3)=0,"",SUMIFS(Balances!$F$5:$F$104,Balances!$B$5:$B$104,$B$3,Balances!$E$5:$E$104,Assumptions!$H$18,Balances!$G$5:$G$104,Assumptions!$H$3)) | C21: =IF(COUNTIFS(Balances!$B$5:$B$104,$B$4,Balances!$G$5:$G$104,Assumptions!$H$3)=0,"",SUMIFS(Balances!$F$5:$F$104,Balances!$B$5:$B$104,$B$4,Balances!$E$5:$E$104,Assumptions!$H$18,Balances!$G$5:$G$104,Assumptions!$H$3)) | D21: =IF(OR(B21="",C21=""),"",B21-C21)

Sheet Balances
A1: Balance Records | Fictional Sample Landscaping Company
A2: Enter one signed ending balance per account and period. Only rows with the Included status flow to Summary. | M2: =Assumptions!F6
A3: Duplicate period and account pairs, missing inputs, and unmatched accounts are highlighted for human review. | M3: =Assumptions!F7
A4: Entry ID | B4: Period End | C4: Account | D4: Statement Group | E4: Balance Sheet Section | F4: Ending Balance | G4: Status | H4: Notes | J4: Account Choices | K4: Status Choices | M4: =Assumptions!F4
A5: BS-202608-001 | B5: 46265 | C5: Operating Cash | D5: =IF(C5="","",IFERROR(VLOOKUP(C5,Assumptions!$A$5:$C$104,2,FALSE),"Check account")) | E5: =IF(C5="","",IFERROR(VLOOKUP(C5,Assumptions!$A$5:$C$104,3,FALSE),"Check account")) | F5: 28500 | G5: Included | H5: Fictional sample operating account balance. | J5: =IF(Assumptions!A5="","",Assumptions!A5) | K5: =IF(Assumptions!H3="","",Assumptions!H3) | M5: =Assumptions!F5
A6: BS-202608-002 | B6: 46265 | C6: Accounts Receivable | D6: =IF(C6="","",IFERROR(VLOOKUP(C6,Assumptions!$A$5:$C$104,2,FALSE),"Check account")) | E6: =IF(C6="","",IFERROR(VLOOKUP(C6,Assumptions!$A$5:$C$104,3,FALSE),"Check account")) | F6: 14200 | G6: Included | H6: Fictional sample customer receivable total. | J6: =IF(Assumptions!A6="","",Assumptions!A6) | K6: =IF(Assumptions!H4="","",Assumptions!H4)
A7: BS-202608-003 | B7: 46265 | C7: Equipment, Net | D7: =IF(C7="","",IFERROR(VLOOKUP(C7,Assumptions!$A$5:$C$104,2,FALSE),"Check account")) | E7: =IF(C7="","",IFERROR(VLOOKUP(C7,Assumptions!$A$5:$C$104,3,FALSE),"Check account")) | F7: 70000 | G7: Included | H7: Fictional sample net landscaping equipment balance. | J7: =IF(Assumptions!A7="","",Assumptions!A7) | K7: =IF(Assumptions!H5="","",Assumptions!H5)
A8: BS-202608-004 | B8: 46265 | C8: Accounts Payable | D8: =IF(C8="","",IFERROR(VLOOKUP(C8,Assumptions!$A$5:$C$104,2,FALSE),"Check account")) | E8: =IF(C8="","",IFERROR(VLOOKUP(C8,Assumptions!$A$5:$C$104,3,FALSE),"Check account")) | F8: 9700 | G8: Included | H8: Fictional sample supplier payable total. | J8: =IF(Assumptions!A8="","",Assumptions!A8) | K8: =IF(Assumptions!H6="","",Assumptions!H6)
A9: BS-202608-005 | B9: 46265 | C9: Equipment Loan Payable | D9: =IF(C9="","",IFERROR(VLOOKUP(C9,Assumptions!$A$5:$C$104,2,FALSE),"Check account")) | E9: =IF(C9="","",IFERROR(VLOOKUP(C9,Assumptions!$A$5:$C$104,3,FALSE),"Check account")) | F9: 41000 | G9: Included | H9: Fictional sample equipment loan balance. | J9: =IF(Assumptions!A9="","",Assumptions!A9) | K9: =IF(Assumptions!H7="","",Assumptions!H7)
A10: BS-202608-006 | B10: 46265 | C10: Owner Capital | D10: =IF(C10="","",IFERROR(VLOOKUP(C10,Assumptions!$A$5:$C$104,2,FALSE),"Check account")) | E10: =IF(C10="","",IFERROR(VLOOKUP(C10,Assumptions!$A$5:$C$104,3,FALSE),"Check account")) | F10: 62000 | G10: Included | H10: Fictional sample owner equity balance. | J10: =IF(Assumptions!A10="","",Assumptions!A10) | K10: =IF(Assumptions!H8="","",Assumptions!H8)
A11: BS-202607-001 | B11: 46234 | C11: Operating Cash | D11: =IF(C11="","",IFERROR(VLOOKUP(C11,Assumptions!$A$5:$C$104,2,FALSE),"Check account")) | E11: =IF(C11="","",IFERROR(VLOOKUP(C11,Assumptions!$A$5:$C$104,3,FALSE),"Check account")) | F11: 24500 | G11: Included | H11: Fictional comparison-period operating account balance. | J11: =IF(Assumptions!A11="","",Assumptions!A11) | K11: =IF(Assumptions!H9="","",Assumptions!H9)
A12: BS-202607-002 | B12: 46234 | C12: Accounts Receivable | D12: =IF(C12="","",IFERROR(VLOOKUP(C12,Assumptions!$A$5:$C$104,2,FALSE),"Check account")) | E12: =IF(C12="","",IFERROR(VLOOKUP(C12,Assumptions!$A$5:$C$104,3,FALSE),"Check account")) | F12: 11800 | G12: Included | H12: Fictional comparison-period receivable total. | J12: =IF(Assumptions!A12="","",Assumptions!A12) | K12: =IF(Assumptions!H10="","",Assumptions!H10)
A13: BS-202607-003 | B13: 46234 | C13: Equipment, Net | D13: =IF(C13="","",IFERROR(VLOOKUP(C13,Assumptions!$A$5:$C$104,2,FALSE),"Check account")) | E13: =IF(C13="","",IFERROR(VLOOKUP(C13,Assumptions!$A$5:$C$104,3,FALSE),"Check account")) | F13: 72000 | G13: Included | H13: Fictional comparison-period net equipment balance. | J13: =IF(Assumptions!A13="","",Assumptions!A13) | K13: =IF(Assumptions!H11="","",Assumptions!H11)
A14: BS-202607-004 | B14: 46234 | C14: Accounts Payable | D14: =IF(C14="","",IFERROR(VLOOKUP(C14,Assumptions!$A$5:$C$104,2,FALSE),"Check account")) | E14: =IF(C14="","",IFERROR(VLOOKUP(C14,Assumptions!$A$5:$C$104,3,FALSE),"Check account")) | F14: 8300 | G14: Included | H14: Fictional comparison-period supplier payable total. | J14: =IF(Assumptions!A14="","",Assumptions!A14) | K14: =IF(Assumptions!H12="","",Assumptions!H12)
A15: BS-202607-005 | B15: 46234 | C15: Equipment Loan Payable | D15: =IF(C15="","",IFERROR(VLOOKUP(C15,Assumptions!$A$5:$C$104,2,FALSE),"Check account")) | E15: =IF(C15="","",IFERROR(VLOOKUP(C15,Assumptions!$A$5:$C$104,3,FALSE),"Check account")) | F15: 44000 | G15: Included | H15: Fictional comparison-period equipment loan balance. | J15: =IF(Assumptions!A15="","",Assumptions!A15) | K15: =IF(Assumptions!H13="","",Assumptions!H13)
A16: BS-202607-006 | B16: 46234 | C16: Owner Capital | D16: =IF(C16="","",IFERROR(VLOOKUP(C16,Assumptions!$A$5:$C$104,2,FALSE),"Check account")) | E16: =IF(C16="","",IFERROR(VLOOKUP(C16,Assumptions!$A$5:$C$104,3,FALSE),"Check account")) | F16: 56000 | G16: Included | H16: Fictional comparison-period owner equity balance. | J16: =IF(Assumptions!A16="","",Assumptions!A16) | K16: =IF(Assumptions!H14="","",Assumptions!H14)
D17: =IF(C17="","",IFERROR(VLOOKUP(C17,Assumptions!$A$5:$C$104,2,FALSE),"Check account")) | E17: =IF(C17="","",IFERROR(VLOOKUP(C17,Assumptions!$A$5:$C$104,3,FALSE),"Check account")) | J17: =IF(Assumptions!A17="","",Assumptions!A17) | K17: =IF(Assumptions!H15="","",Assumptions!H15)
D18: =IF(C18="","",IFERROR(VLOOKUP(C18,Assumptions!$A$5:$C$104,2,FALSE),"Check account")) | E18: =IF(C18="","",IFERROR(VLOOKUP(C18,Assumptions!$A$5:$C$104,3,FALSE),"Check account")) | J18: =IF(Assumptions!A18="","",Assumptions!A18) | K18: =IF(Assumptions!H16="","",Assumptions!H16)
D19: =IF(C19="","",IFERROR(VLOOKUP(C19,Assumptions!$A$5:$C$104,2,FALSE),"Check account")) | E19: =IF(C19="","",IFERROR(VLOOKUP(C19,Assumptions!$A$5:$C$104,3,FALSE),"Check account")) | J19: =IF(Assumptions!A19="","",Assumptions!A19) | K19: =IF(Assumptions!H17="","",Assumptions!H17)
D20: =IF(C20="","",IFERROR(VLOOKUP(C20,Assumptions!$A$5:$C$104,2,FALSE),"Check account")) | E20: =IF(C20="","",IFERROR(VLOOKUP(C20,Assumptions!$A$5:$C$104,3,FALSE),"Check account")) | J20: =IF(Assumptions!A20="","",Assumptions!A20) | K20: =IF(Assumptions!H18="","",Assumptions!H18)
D21: =IF(C21="","",IFERROR(VLOOKUP(C21,Assumptions!$A$5:$C$104,2,FALSE),"Check account")) | E21: =IF(C21="","",IFERROR(VLOOKUP(C21,Assumptions!$A$5:$C$104,3,FALSE),"Check account")) | J21: =IF(Assumptions!A21="","",Assumptions!A21) | K21: =IF(Assumptions!H19="","",Assumptions!H19)
D22: =IF(C22="","",IFERROR(VLOOKUP(C22,Assumptions!$A$5:$C$104,2,FALSE),"Check account")) | E22: =IF(C22="","",IFERROR(VLOOKUP(C22,Assumptions!$A$5:$C$104,3,FALSE),"Check account")) | J22: =IF(Assumptions!A22="","",Assumptions!A22) | K22: =IF(Assumptions!H20="","",Assumptions!H20)
D23: =IF(C23="","",IFERROR(VLOOKUP(C23,Assumptions!$A$5:$C$104,2,FALSE),"Check account")) | E23: =IF(C23="","",IFERROR(VLOOKUP(C23,Assumptions!$A$5:$C$104,3,FALSE),"Check account")) | J23: =IF(Assumptions!A23="","",Assumptions!A23) | K23: =IF(Assumptions!H21="","",Assumptions!H21)
D24: =IF(C24="","",IFERROR(VLOOKUP(C24,Assumptions!$A$5:$C$104,2,FALSE),"Check account")) | E24: =IF(C24="","",IFERROR(VLOOKUP(C24,Assumptions!$A$5:$C$104,3,FALSE),"Check account")) | J24: =IF(Assumptions!A24="","",Assumptions!A24) | K24: =IF(Assumptions!H22="","",Assumptions!H22)
D25: =IF(C25="","",IFERROR(VLOOKUP(C25,Assumptions!$A$5:$C$104,2,FALSE),"Check account")) | E25: =IF(C25="","",IFERROR(VLOOKUP(C25,Assumptions!$A$5:$C$104,3,FALSE),"Check account")) | J25: =IF(Assumptions!A25="","",Assumptions!A25) | K25: =IF(Assumptions!H23="","",Assumptions!H23)
D26: =IF(C26="","",IFERROR(VLOOKUP(C26,Assumptions!$A$5:$C$104,2,FALSE),"Check account")) | E26: =IF(C26="","",IFERROR(VLOOKUP(C26,Assumptions!$A$5:$C$104,3,FALSE),"Check account")) | J26: =IF(Assumptions!A26="","",Assumptions!A26) | K26: =IF(Assumptions!H24="","",Assumptions!H24)
D27: =IF(C27="","",IFERROR(VLOOKUP(C27,Assumptions!$A$5:$C$104,2,FALSE),"Check account")) | E27: =IF(C27="","",IFERROR(VLOOKUP(C27,Assumptions!$A$5:$C$104,3,FALSE),"Check account")) | J27: =IF(Assumptions!A27="","",Assumptions!A27) | K27: =IF(Assumptions!H25="","",Assumptions!H25)
D28: =IF(C28="","",IFERROR(VLOOKUP(C28,Assumptions!$A$5:$C$104,2,FALSE),"Check account")) | E28: =IF(C28="","",IFERROR(VLOOKUP(C28,Assumptions!$A$5:$C$104,3,FALSE),"Check account")) | J28: =IF(Assumptions!A28="","",Assumptions!A28) | K28: =IF(Assumptions!H26="","",Assumptions!H26)
... D104: =IF(C104="","",IFERROR(VLOOKUP(C104,Assumptions!$A$5:$C$104,2,FALSE),"Check account")) | E104: =IF(C104="","",IFERROR(VLOOKUP(C104,Assumptions!$A$5:$C$104,3,FALSE),"Check account")) | J104: =IF(Assumptions!A104="","",Assumptions!A104) | K104: =IF(Assumptions!H102="","",Assumptions!H102)

Sheet Assumptions
A1: Assumptions and Account Catalog | Fictional Sample Landscaping Company
A2: Maintain the account catalog, review controls, period choices, and stable list values used by the workbook. | E2: Editable Review Controls | H2: Status Choices
E3: Balance Tolerance | F3: 1 | H3: Included
A4: Account | B4: Statement Group | C4: Balance Sheet Section | E4: Minimum Allowed Balance | F4: -100000000 | H4: Draft
A5: Operating Cash | B5: Asset | C5: Current Assets | E5: Maximum Allowed Balance | F5: 100000000 | H5: Excluded
A6: Accounts Receivable | B6: Asset | C6: Current Assets | E6: Earliest Period End | F6: 44197
A7: Equipment, Net | B7: Asset | C7: Property and Equipment | E7: Latest Period End | F7: 47118 | H7: Statement Groups
A8: Accounts Payable | B8: Liability | C8: Current Liabilities | H8: Asset
A9: Equipment Loan Payable | B9: Liability | C9: Long-Term Liabilities | E9: Summary Period Choices | H9: Liability
A10: Owner Capital | B10: Owner Equity | C10: Owner Equity | E10: 46265 | H10: Owner Equity
E11: 46234
E12: 46203 | H12: Balance Sheet Sections
E13: 46173 | H13: Current Assets
E14: 46142 | H14: Property and Equipment
E15: 46112 | H15: Other Assets
E16: 46081 | H16: Current Liabilities
E17: 46053 | H17: Long-Term Liabilities
E18: 46022 | H18: Owner Equity
E19: 45991
E20: 45961
E21: 45930
A107: Entry Guidance
A108: Enter signed ending balances. Negative values may be used when the business records a contra balance.
A109: The balance tolerance is an internal review aid. Review source records before using the balance sheet.
A110: This planning template uses fictional examples and does not provide tax or legal advice.
